 Dungeon Crawl Stone Soup version 0.16-a0-3667-g690a316 (webtiles) character file.

207 honkwins the Ruffian (level 5, -1/41 HPs)
             Began as a Bearkin Monk on Feb 22, 2015.
             Slain by Firebatgyro's ghost (16 damage)
             ... on level 4 of the Dungeon.
             The game lasted 00:13:43 (3443 turns).

honkwins the Ruffian (Bearkin Monk)                 Turns: 3443, Time: 00:13:43

Health: -1/41      AC:  6    Str: 16    XL:     5   Next: 54%
Magic:  5/5        EV: 12    Int: 10    God:
Gold:   180        SH:  0    Dex: 13    Spells: 0 memorised, 4 levels left

rFire  . . .     SeeInvis .       - Unarmed
rCold  . . .     Clarity  .     n - +0 ring mail
rNeg   . . .     SustAb   .     (no shield)
rPois  .         Gourm    .     (no helmet)
rElec  .         Spirit   .     (no cloak)
rCorr  .         Warding  .     (no gloves)
rMut   .         Stasis   .     (no boots)
MR     .....                    (no amulet)
Stlth  +.........               (no ring)
                                q - +1 ring of evasion

@: not resistant to hostile enchantments, very unstealthy
A: claws 1, fangs 1, shaggy fur 1, hind claws 1, cornered berserk
a: Cornered Berserk


You were on level 4 of the Dungeon.
You were not hungry.

You visited 1 branch of the dungeon, and saw 4 of its levels.

You collected 180 gold pieces.

Inventory:

Hand weapons
 b - a +0 blowgun
Missiles
 x - 21 poisoned needles
Armour
 n - a +0 ring mail (worn)
Jewellery
 q - a +1 ring of evasion (left claw)
 v - an uncursed ring of ice
Magical devices
 s - a wand of polymorph (13)
Scrolls
 d - a scroll of fear
 g - 3 scrolls of remove curse
 h - 3 scrolls of enchant weapon {unknown}
 i - 2 scrolls of immolation {unknown}
 k - 2 scrolls of teleportation {unknown}
 w - a scroll of enchant armour {unknown}
Potions
 c - a potion of agility
 e - a potion of resistance
 f - a potion of restore abilities
 l - a potion of might {unknown}
 t - a potion of invisibility
 z - a potion of curing {unknown}
Comestibles
 a - 7 chunks of flesh
 j - 2 fruits
 m - a slice of pizza
 o - 6 bread rations
 r - a meat ration


   Skills:
 - Level 3.0 Fighting
 - Level 2.4 Dodging
 - Level 1.5 Stealth
 + Level 6.9 Unarmed Combat


You had 4 spell levels left.
You didn't know any spells.

Dungeon Overview and Level Annotations

Branches:
Dungeon (4/15)
 Temple: D:4-7

Altars:

Annotations:
D:3 Reynoldscorey's ghost, average BeGl
D:4 Firebatgyro's ghost, average BeMo


Innate Abilities, Weirdness & Mutations

You have sharp fingernails.
You have very sharp teeth.
You are covered in fur (AC +1).
Your hind legs have claws.
You can berserk when greatly wounded.


Message History

Firebatgyro's ghost hits you.
You scratch Firebatgyro's ghost.
Firebatgyro's ghost is moderately damaged.
Firebatgyro's ghost hits you!
You scratch Firebatgyro's ghost.
You claw Firebatgyro's ghost, but do no damage.
Firebatgyro's ghost is moderately damaged.
You claw Firebatgyro's ghost!
Your hind claws misses Firebatgyro's ghost.
Firebatgyro's ghost is heavily damaged.
Firebatgyro's ghost barely misses you.
You scratch Firebatgyro's ghost.
You claw Firebatgyro's ghost, but do no damage.
Firebatgyro's ghost is severely damaged.
Firebatgyro's ghost hits you!
You scratch Firebatgyro's ghost but do no damage.
Your bite misses Firebatgyro's ghost.
Firebatgyro's ghost is severely damaged.
Firebatgyro's ghost hits you!
You die...

#.....##
##.)......# #.#
##<###.######.##
##### #.# ##.#..#
#)# #...##### #.#
##.#.# #.#
#.......# #.#
###.# #.#
....###.# #.# #.#
#.# ##.## #.###.##
#####.# #.# ##.#
##.##...###.W...#
#.# ##.#
#..........@# ###
#.# ...#
#..##...##..# #S#
##.# #..###.###..#
#W#
##.###..###.###..#
#.#
##.##............#
#.#####
##.##......###...#
#....S.
.......##..# #...#
#######
#####..##..###...#
#............#


You could see Firebatgyro's ghost.

Vanquished Creatures
  2 worker ants
  Jessica (D:2)
  2 gnolls
  A giant mite (D:3)
  An adder (D:3)
  3 worms
  4 giant geckos
  An ooze (D:3)
  3 orcs
  A bat skeleton (D:4)
  2 giant cockroaches
  7 goblins
  11 hobgoblins
  7 kobolds
  4 quokkas
  2 ball pythons
  13 bats
  5 giant newts
  3 jackals
  8 rats
81 creatures vanquished.

Vanquished Creatures (others)
  2 goblins (D:1)
2 creatures vanquished.

Grand Total: 83 creatures vanquished

Notes
Turn   | Place    | Note
--------------------------------------------------------------
     0 | D:1      | honkwins, the Bearkin Monk, began the quest for the Orb.
     0 | D:1      | Reached XP level 1. HP: 18/18 MP: 1/1
   408 | D:1      | Reached XP level 2. HP: 24/24 MP: 2/2
   871 | D:1      | Reached skill level 5 in Unarmed Combat
   871 | D:1      | Reached XP level 3. HP: 19/29 MP: 3/3
  1394 | D:2      | Noticed Jessica
  1402 | D:2      | Killed Jessica
  1474 | D:2      | Gained mutation: You have very sharp teeth. [bearkin transformation]
  1474 | D:2      | Reached XP level 4. HP: 35/35 MP: 4/4
  2109 | D:3      | Reached skill level 6 in Unarmed Combat
  2385 | D:3      | Noticed Reynoldscorey's ghost (average BeGl)
  2683 | D:4      | Noticed a phantom
  2699 | D:3      | Reached XP level 5. HP: 35/41 MP: 5/5
  3169 | D:4      | Noticed Firebatgyro's ghost (average BeMo)
  3443 | D:4      | Slain by Firebatgyro's ghost

Action                   |  1- 3 |  4- 6 || total
-------------------------+-------+-------++-------
Melee: Unarmed           |   103 |   156 ||   259
 Fire: Hunting sling     |       |    12 ||    12
Throw: Stone             |     3 |       ||     3
  Use: Scroll            |       |     8 ||     8
 Stab: Sleeping          |     3 |       ||     3
  Eat: Chunk             |     2 |     6 ||     8
